 Dungeon Crawl Stone Soup version 0.14-a0-1192-g192f278 (webtiles) character file.

200 Daniel the Chopper (level 4, 0/39 HPs)
             Began as a Hill Orc Fighter on Nov 30, 2013.
             Slain by a black bear (4 damage)
             ... while paralysed by a potion of paralysis
             ... on Level 3 of the Dungeon.
             The game lasted 00:06:08 (1276 turns).

Daniel the Chopper (Hill Orc Fighter)               Turns: 1276, Time: 00:06:08

HP   0/39        AC  7     Str 19      XL: 4   Next: 65%
MP   3/3         EV  2     Int  8      God:
Gold 105         SH  0     Dex 10      Spells:  0 memorised,  3 levels left

rFire  . . .     SeeInvis .     a - +0 orc hand axe
rCold  . . .     Clarity  .     b - +0 orc scale mail
rNeg   . . .     Conserve .     c - +0 orc shield
rPois  .         rCorr    .     (no helmet)
rElec  .         rRot     .     (no cloak)
SustAb . .       Spirit   .     (no gloves)
rMut   .         Warding  .     (no boots)
Saprov + . .     Stasis   .     (no amulet)
                                (no ring)
                                (no ring)

@: paralysed, slightly resistant to hostile enchantments, extremely unstealthy
A: saprovore 1
a: no special abilities


You were on level 3 of the Dungeon.
You were not hungry.

You visited 1 branch of the dungeon, and saw 3 of its levels.

You collected 105 gold pieces.

Inventory:

Hand weapons
 a - a +0,+0 orcish hand axe (weapon)
 k - a +0,+2 sling
Missiles
 w - a javelin (quivered)
Armour
 b - a +0 orcish scale mail (worn)
 c - a +0 orcish shield (worn)
Magical devices
 p - a wand of polymorph (17) {unknown}
Comestibles
 d - 2 meat rations
 t - a rotting chunk of quokka flesh
 u - a chunk of worm flesh
Scrolls
 e - a scroll of identify {unknown}
 f - a scroll of blinking {unknown}
 h - a scroll of remove curse {unknown}
 i - a scroll of immolation {unknown}
 m - a scroll of enchant armour {unknown}
 n - a scroll of curse jewellery {unknown}
 o - a scroll of noise {unknown}
 q - a scroll of random uselessness {unknown}
 x - a scroll of teleportation {unknown}
Potions
 g - a potion of mutation {unknown}
 j - a potion of might {unknown}
 l - a potion of lignification {unknown}
 r - a potion of curing {unknown}
 s - a potion of paralysis
 v - a potion of restore abilities {unknown}


   Skills:
 - Level 3.6 Fighting
 * Level 6.2 Axes
 - Level 3.2 Armour
 - Level 3.2 Shields


You had 3 spell levels left.
You didn't know any spells.

Dungeon Overview and Level Annotations

Branches:
Dungeon (3/16)

Altars:


Innate Abilities, Weirdness & Mutations

You can tolerate rotten meat.


Message History

The black bear is moderately wounded.
The black bear bites you. The black bear claws you.
* * * LOW HITPOINT WARNING * * *
The black bear claws you but does no damage.
You are too injured to fight recklessly!
You are too injured to fight recklessly!
You are too injured to fight recklessly!
Drink which item? (? for menu, Esc to quit)
You suddenly lose the ability to move!
It was a potion of paralysis.
The black bear bites you.
* * * LOW HITPOINT WARNING * * *
The black bear claws you.
* * * LOW HITPOINT WARNING * * *
The black bear claws you but does no damage.
The black bear bites you but does no damage.
The black bear claws you.
* * * LOW HITPOINT WARNING * * *
The black bear claws you but does no damage.
The black bear bites you.
You die... ∙ ▒∙∙▒▒▒∙▒∙▒ ▒∙▒ ▒∙ ▒∙∙∙∙∙∙∙∙▒ ▒∙∙ ∙ ▒∙ ▒▒▒▒▒∙∙∙▒▒ ▒∙∙ % ▒∙ ▒∙∙∙▒ ▒∙▒ ▒ ▒∙▒∙ ▒∙∙∙▒ ▒∙▒ ▒∙▒∙▒∙▒▒▒ ▒∙∙∙▒ ▒∙▒ ▒▒∙∙∙∙∙∙∙▒▒▒▒∙∙∙▒▒▒▒▒▒∙▒ ∙∙∙∙∙∙∙∙∙∙∙∙∙∙∙∙∙∙∙∙∙∙∙∙∙

▒(∙∙(U@∙∙∙∙∙∙∙∙∙∙∙∙∙>∙∙
∙∙∙∙∙∙∙∙∙∙∙∙∙∙∙∙∙∙∙∙∙∙∙▒▒
▒▒∙∙∙∙∙∙∙▒▒▒▒∙∙∙▒▒▒▒▒∙▒▒
▒∙∙∙∙∙∙∙▒ ▒∙∙∙▒ ▒∙▒▒
▒∙∙∙∙∙∙∙▒ ▒∙∙∙▒ ▒∙∙∙
▒▒▒▒▒▒▒▒▒ ▒∙∙∙▒ ▒∙▒▒
▒∙∙∙▒▒▒▒▒∙∙∙ ▒∙∙∙∙∙∙∙▒∙▒▒
▒▒∙▒▒▒▒∙▒∙▒▒


You could see a black bear.

Vanquished Creatures
  4 adders
  3 worms (D:3)
  An ooze (D:2)
  5 bats
  7 goblins
  6 hobgoblins
  4 jackals (D:2)
  4 kobolds (D:3)
  2 quokkas (D:3)
  2 giant cockroaches (D:3)
  A giant newt (D:1)
  2 rats
41 creatures vanquished.

Notes
Turn   | Place    | Note
--------------------------------------------------------------
     0 | D:1      | Daniel, the Hill Orc Fighter, began the quest for the Orb.
     0 | D:1      | Reached XP level 1. HP: 19/19 MP: 0/0
   302 | D:2      | Reached XP level 2. HP: 26/26 MP: 1/1
   401 | D:2      | Reached skill level 4 in Axes
   532 | D:2      | Reached XP level 3. HP: 29/33 MP: 2/2
   761 | D:3      | Reached skill level 5 in Axes
  1021 | D:3      | Reached XP level 4. HP: 35/39 MP: 3/3
  1158 | D:3      | Reached skill level 6 in Axes
  1262 | D:3      | Noticed a black bear
  1274 | D:3      | Paralysed by a potion of paralysis for 4 turns
  1276 | D:3      | Slain by a black bear

Action                   |  1- 3 |  4- 6 || total
-------------------------+-------+-------++-------
Melee: Hand axe          |   100 |    47 ||   147
Throw: Javelin           |       |     4 ||     4
  Use: Potion            |       |     1 ||     1
